 Dungeon Crawl Stone Soup version 0.27.0-1-g7a089689b8 (webtiles) character file.

Game seed: 890736876643465426

3813 sasquatch the Arsonist (level 9, -7/45 HPs)
             Began as a Deep Elf Fire Elementalist on Aug 1, 2021.
             Was a Believer of Sif Muna.
             Engulfed by a cloud of freezing vapour (16 damage)
             ... in an ice cave.
             The game lasted 00:43:28 (12125 turns).

sasquatch the Arsonist (DEFE)                      Turns: 12125, Time: 00:43:29

Health: -7/45      AC:  8    Str:  5    XL:     9   Next: 97%
Magic:  9/23       EV: 12    Int: 24    God:    Sif Muna [**....]
Gold:   383        SH:  0    Dex: 15    Spells: 2/25 levels left

rFire    + . .     SeeInvis .   B - +1 mace (protect)
rCold    . . .     Faith    .   (no shield)
rNeg     . . .     Spirit   .   E - +1 robe {rF+}
rPois    .         Reflect  .   (no helmet)
rElec    .         Harm     .   c - +0 cloak
rCorr    .         Rampage  .   (no gloves)
Will     .....                  (no boots)
Stlth    ++........             (no amulet)
HPRegen  0.15/turn              i - +4 ring of protection
MPRegen  0.18/turn              (no ring)

@: no status effects
A: no striking features
a: Renounce Religion, Channel Magic


You were in an ice cave.
You worshipped Sif Muna.
Sif Muna was pleased with you.
You visited 1 branch of the dungeon, and saw 10 of its levels.
You also visited: Ice Cave.

You collected 383 gold pieces.

Inventory:

Hand Weapons
 B - a +1 mace of protection (weapon)
Missiles
 f - 7 curare-tipped darts
 r - 28 poisoned darts
Armour
 c - a +0 cloak (worn)
 E - a +1 robe of fire resistance (worn)
 J - a +0 troll leather armour
 K - a +0 buckler of cold resistance
Magical Staves
 H - a staff of earth
Jewellery
 i - a +4 ring of protection (left hand)
 G - a ring of protection from cold
Wands
 v - a wand of iceblast (5)
 w - a wand of flame (20)
 x - a wand of digging (5)
 y - a wand of polymorph (11)
 I - a wand of acid (8)
Scrolls
 a - a scroll of immolation {unknown}
 d - 5 scrolls of teleportation
 e - a scroll of fear
 k - a scroll of silence {unknown}
 n - a scroll of holy word {unknown}
 o - 2 scrolls of enchant armour {unknown}
 s - 3 scrolls of amnesia {unknown}
 t - a scroll of summoning {unknown}
 u - a scroll of blinking {unknown}
 C - 3 scrolls of identify
 F - a scroll of brand weapon {unknown}
 L - a scroll of fog {unknown}
Potions
 b - a potion of degeneration {unknown}
 g - a potion of invisibility
 h - a potion of might
 j - 4 potions of curing
 l - a potion of flight {unknown}
 m - a potion of ambrosia {unknown}
 p - a potion of mutation {unknown}
 q - a potion of cancellation {unknown}
 z - a potion of heal wounds {unknown}
 A - a potion of brilliance {unknown}
 D - a potion of lignification {unknown}


   Skills:
 - Level 2.4 Dodging
 - Level 2.4 Stealth
 + Level 1.2 Shields
 + Level 8.6 Spellcasting
 * Level 9.6 Conjurations
 - Level 3.0 Translocations
 * Level 10.1 Fire Magic


You had 2 spell levels left.
You knew the following spells:

 Your Spells              Type           Power      Damage    Failure   Level
a - Foxfire               Conj/Fire      100%       2x1d9     1%          1
b - Inner Flame           Hex/Fire       34%        N/A       2%          3
c - Conjure Flame         Conj/Fire      55%        6-21      1%          3
d - Sticky Flame          Conj/Fire      55%        2d7       1%          4
e - Blink                 Tloc           N/A        N/A       2%          2
f - Fireball              Conj/Fire      27%        3d12      2%          5
g - Bolt of Magma         Conj/Fire/Erth 21%        4d11      11%         5

Your spell library contained the following spells:

 Spells                   Type           Power      Damage    Failure   Level
 Animate Skeleton         Necr           20%        N/A       6%          1
 Pain                     Necr           40%        1d6       6%          1
 Summon Small Mammal      Summ           40%        N/A       6%          1
 Ignite Poison            Fire/Tmut/Pois 26%        N/A       4%          3
 Mephitic Cloud           Conj/Pois/Air  25%        N/A       4%          3
 Lesser Beckoning         Tloc           12%        N/A       5%          3
 Portal Projectile        Hex/Tloc       34%        N/A       10%         3
 Call Canine Familiar     Summ           10%        N/A       19%         3
 Summon Guardian Golem    Hex/Summ       10%        N/A       19%         3
 Vampiric Draining        Necr           5%         2d6       19%         3
 Manifold Assault         Tloc           24%        N/A       45%         5
 Leda's Liquefaction      Hex/Erth       5%         N/A       52%         4


Dungeon Overview and Level Annotations

Branches:
Dungeon (11/15)            Temple (0/1) D:6           IceCv (1/1)
   Lair: D:8-11         Orc: D:9-12

Altars:
Ashenzari
Cheibriados
Dithmenos
Fedhas
Hepliaklqana
Sif Muna
Uskayaw
Wu Jian
Xom
The Shining One

Annotations:
D:2 exclusions: 3 doors and 10 more exclusions, Sigmund
D:5 1 transporter, mhtbhm's ghost, novice MiHu


Message History

Ouch! That really hurt!
Casting: Sticky Flame (dangerous; 1% risk of failure)
Confirm with . or Enter, or press ? or * to list all spells.
You blink.
Casting: Blink (safe; 2% risk of failure)
Confirm with . or Enter, or press ? or * to list all spells.
The fire begins to smoulder!
The fire ignites!
Casting: Conjure Flame (safe; 1% risk of failure)
Confirm with . or Enter, or press ? or * to list all spells.
Aiming: Sticky Flame (dangerous; 1% risk of failure)
Press: ? - help, Shift-Dir - straight line, f - spriggan simulacrum
Aim: a spriggan simulacrum (flame, 100% to hit)
The sticky flame hits the spriggan simulacrum!
The spriggan simulacrum melts!
The spriggan simulacrum is heavily damaged.
The spriggan simulacrum is covered in liquid flames!
The spriggan simulacrum burns!
The spriggan simulacrum is engulfed in blazing flames.
The spriggan simulacrum vaporises!
Sif Muna accepts your kill.
Casting: Sticky Flame (dangerous; 1% risk of failure)
Confirm with . or Enter, or press ? or * to list all spells.
Aiming: Sticky Flame (dangerous; 1% risk of failure)
Press: ? - help, Shift-Dir - straight line, f - troll simulacrum
Aim: a troll simulacrum (flame, 100% to hit)
The sticky flame hits the troll simulacrum!
The troll simulacrum melts!
The troll simulacrum is heavily damaged.
The troll simulacrum is covered in liquid flames!
The troll simulacrum burns!
The troll simulacrum is engulfed in blazing flames.
The troll simulacrum vaporises!
Sif Muna accepts your kill.
You start resting.
You are engulfed in freezing vapours.
* * * LOW HITPOINT WARNING * * *
Casting: Sticky Flame (dangerous; 1% risk of failure)
Confirm with . or Enter, or press ? or * to list all spells.
You blink.
You are engulfed in freezing vapours.
You die...

. #...###. .#
##...... .
###..#.... .#.
#...##.# #.#
#.##.### ####.#
#..##.## ###....#
##.....#
##§§°##.##.#......
#@§§.##.#.##.###..
###°§##...##.# ##.
##§###..#..# ##
#§# ##....# #.#
##...# # .#. ###.#
## .. .# ##.# #.
##. .# #..##. ##
.. #...##


There were no monsters in sight!

Vanquished Creatures
  Pikel (D:7)
  An ice statue (IceCv)
  A troll (D:11)
  2 water moccasins
  2 black bears
  An orc warrior (D:6)
  2 sky beasts (D:6)
  A necrophage (D:6)
  A lemure (D:7)
  A phantom (D:7)
  A bullfrog (D:7)
  A kobold brigand (D:7)
  A cane toad simulacrum (IceCv)
  2 scorpions
  2 two-headed ogre simulacra (IceCv)
  A water moccasin zombie (D:6)
  Dowan (D:4)
  A wyvern skeleton (D:6)
  4 killer bees
  2 howler monkeys
  2 centaur zombies
  2 bullfrog zombies
  2 hounds
  A jelly (D:5)
  4 bullfrog skeletons
  A gnoll shaman (D:7)
  2 orc priests
  A centaur skeleton (D:5)
  Ijyb (D:5)
  2 iguanas
  3 orc wizards
  2 polar bear simulacra (IceCv)
  5 spriggan simulacra (IceCv)
  7 troll simulacra (IceCv)
  5 gnolls
  7 adders
  3 howler monkey skeletons
  A naga simulacrum (IceCv)
  4 white imps
  2 ufetubi (IceCv)
  2 adder skeletons
  3 worms
  2 dart slugs
  12 orcs
  4 endoplasms
  2 giant cockroaches
  9 hobgoblins
  8 jackals
  13 kobolds
  3 quokkas
  3 ball pythons (D:1)
  3 bats
  4 frilled lizards
  3 goblins
  3 rats
160 creatures vanquished.

Vanquished Creatures (others)
  Duvessa (D:4)
  An adder (D:4)
  A dart slug (D:4)
  An endoplasm (D:4)
  A giant cockroach (D:4)
  2 goblins (D:4)
  A jackal (D:4)
  A ball python (D:4)
  2 kobolds (D:4)
  497 foxfires
  8 fungi (D:4)
516 creatures vanquished.

Grand Total: 676 creatures vanquished

Notes
Turn   | Place    | Note
-------+----------+-------------------------------------------
     0 | D:1      | sasquatch the Deep Elf Fire Elementalist began the quest
                  | for the Orb.
     0 | D:1      | Reached XP level 1. HP: 10/10 MP: 6/6
   557 | D:1      | Reached XP level 2. HP: 10/15 MP: 4/8
   944 | D:1      | Reached XP level 3. HP: 15/19 MP: 6/9
   948 | D:1      | Learned a level 3 spell: Inner Flame
   961 | D:1      | Learned a level 3 spell: Conjure Flame
  1119 | D:1      | Reached skill level 4 in Fire Magic
  1444 | D:2      | Noticed Sigmund
  1456 | D:2      | Learned a level 2 spell: Blink
  1800 | D:2      | Found a faded altar of an unknown god.
  2744 | D:3      | Reached XP level 4. HP: 24/24 MP: 3/11
  3383 | D:3      | Reached XP level 5. HP: 24/28 MP: 5/13
  3994 | D:3      | Found a snail-covered altar of Cheibriados.
  4102 | D:3      | Found a shimmering blue altar of Sif Muna.
  4105 | D:3      | Became a worshipper of Sif Muna the Loreminder
  4172 | D:4      | Noticed Dowan
  4194 | D:4      | Killed Dowan
  4195 | D:4      | Reached skill level 5 in Fire Magic
  4531 | D:4      | Reached XP level 6. HP: 9/32 MP: 7/14
  4570 | D:4      | Noticed Duvessa
  4854 | D:3      | Learned a level 4 spell: Sticky Flame
  4975 | D:4      | Found a shimmering altar of Xom.
  5074 | D:4      | Found a glowing golden altar of the Shining One.
  5074 | D:4      | Found a shadowy altar of Dithmenos.
  5478 | D:4      | Killed Duvessa
  6117 | D:5      | Entered Level 5 of the Dungeon
  6304 | D:5      | Noticed mhtbhm's ghost (novice MiHu)
  6305 | D:5      | Found a transporter.
  6305 | D:5      | Identified the +10 dire flail "Ysche" {speed, rElec rCorr
                  | Dex-5}
  6337 | D:5      | Noticed a water moccasin
  6348 | D:5      | Killed a water moccasin
  6349 | D:5      | Reached skill level 5 in Spellcasting
  6418 | D:5      | Found an ornate altar of the Wu Jian Council.
  6493 | D:5      | Found a hazy altar of Hepliaklqana.
  6563 | D:5      | Reached skill level 6 in Fire Magic
  6681 | D:5      | Reached skill level 5 in Conjurations
  6718 | D:5      | Reached XP level 7. HP: 31/36 MP: 8/16
  6972 | D:5      | Noticed Ijyb
  6984 | D:5      | Killed Ijyb
  7564 | D:6      | Reached skill level 7 in Fire Magic
  7619 | D:6      | Reached XP level 8. HP: 34/41 MP: 1/19
  7632 | D:6      | Reached * piety under Sif Muna
  7909 | D:6      | Learned a level 5 spell: Fireball
  7981 | D:6      | Found a staircase to the Ecumenical Temple.
  8024 | D:6      | Found a broken altar of Ashenzari.
  8052 | D:6      | Found a blossoming altar of Fedhas.
  8399 | D:6      | Reached skill level 8 in Fire Magic
  8870 | D:7      | Reached skill level 1 in Translocations
  9040 | D:7      | Noticed Pikel
  9045 | D:7      | Killed Pikel
  9046 | D:7      | Reached XP level 9. HP: 45/45 MP: 3/22
  9152 | D:7      | Found a hide-covered altar of Uskayaw.
  9209 | D:7      | Reached skill level 9 in Fire Magic
  9638 | D:7      | Reached ** piety under Sif Muna
 10370 | D:7      | You fall into a shaft and drop 2 floors!
 10511 | D:9      | Learned a level 5 spell: Bolt of Magma
 10551 | D:9      | You fall into a shaft and drop 2 floors!
 10552 | D:11     | Noticed a troll
 10564 | D:11     | Killed a troll
 10748 | D:10     | Entered Level 10 of the Dungeon
 10758 | D:10     | Noticed a boulder beetle
 10787 | D:11     | Found a frozen archway.
 10803 | IceCv    | Entered an ice cave
 10923 | IceCv    | Noticed an ice statue
 11610 | IceCv    | Killed an ice statue
 11611 | IceCv    | Reached skill level 10 in Fire Magic
 11802 | IceCv    | Reached skill level 1 in Shields
 12125 | IceCv    | Engulfed by a cloud of freezing vapour

Illustrated notes

Levels and vault maps discovered:
D:1:      dpeg_arrival_refuge, layout_basic
D:2:      layout_basic, basic_altar, dreamdust_ecumenical_altar_statues,
          uniq_sigmund
D:3:      layout_basic, mainiacjoe_overflow_swirl, serial_curves,
          eino_curves_02, eino_curves_04, eino_curves_03, lemuel_flame_loot_1
D:4:      layout_loops_ring, xom_confusion_cloud,
          gammafunk_temple_overflow_elements, serial_aquarium,
          aquarium_bridge_island_small [aquarium_subvault_small_water,
          aquarium_subvault_wall, aquarium_subvault_wall,
          aquarium_subvault_wall, aquarium_subvault_bridge],
          aquarium_bridge_straight [aquarium_subvault_bridge,
          aquarium_subvault_balcony, aquarium_subvault_bridge,
          aquarium_subvault_window], aquarium_window_fake, aquarium_window_3,
          aquarium_window_2, aquarium_view_2e, aquarium_view_2d,
          aquarium_pool_five, uniq_duvessa
D:5:      layout_loops_ring, pdpol_wu_jian_five_deadly_venoms,
          worldfamousw_hep_ancestral_shrine, gammafunk_ghost_smash, uniq_ijyb
D:6:      layout_basic, overflow_temple_1_default, overflow_temple_1_default,
          minmay_temple_entry_wispy, minmay_increasing_density
D:7:      layout_loops_cross, nicolae_uskayaw_dance_hall, minmay_bent,
          uniq_pikel
D:9:      layout_rooms, amcnicky_altar_gilded,
          kennysheep_orc_monster_closet_entryway, lightli_wizard_tower
D:10:     layout_rooms, david_lair_shrubbed, nicolae_trove_entry_free_sample,
          minmay_hedge_maze, uniq_josephine
D:11:     layout_roguey, portal_ice_cave_entry_pillars_2
IceCv:    ice_cave_caverns_03

Skill      XL: |  1  2  3  4  5  6  7  8  9 |
---------------+----------------------------+-----
Conjurations   | 2 3 4 5 6 8 9 |  9.6
Fire Magic     | 4 5 6 7 8 10 | 10.1
Spellcasting   | 4 5 6 7 8 |  8.6
Translocations | 2 3 |  3.0
Shields        | 1 |  1.2
Dodging        | |  2.4
Stealth        | |  2.4

Action                   |  1- 3 |  4- 6 |  7- 9 || total
-------------------------+-------+-------+-------++-------
Melee: Unarmed           |       |    14 |     4 ||    18
 Cast: Foxfire           |    75 |    92 |   190 ||   357
       Conjure Flame     |     1 |    13 |    13 ||    27
       Inner Flame       |     1 |       |     2 ||     3
       Sticky Flame      |       |     2 |    33 ||    35
       Blink             |       |       |     5 ||     5
       Fireball          |       |       |    21 ||    21
Evoke: Wand              |       |       |     3 ||     3
  Use: Scroll            |       |       |     7 ||     7
Armor: Robe              |     5 |    12 |    17 ||    34
Dodge: Dodged            |     9 |    28 |    52 ||    89
